 Dungeon Crawl Stone Soup version 0.19-a0-276-g3ff07cd (webtiles) character file.

4270 Ordine the Martial Artist (level 10, -3/58 HPs)
             Began as an Octopode Transmuter on May 26, 2016.
             Killed by nerve-wracking pain
             ... invoked by an orc priest
              (13 damage)
             ... on level 7 of the Dungeon.
             The game lasted 00:48:58 (14592 turns).

Ordine the Martial Artist (Octopode Transmuter)    Turns: 14592, Time: 00:49:00

Health: -3/58      AC:  1    Str:  9    XL:     10   Next: 31%
Magic:  10/14      EV: 14    Int: 18    God:
Gold:   431        SH:  0    Dex: 14    Spells: 3 memorised, 2 levels left

rFire  . . .     SeeInvis .       - Unarmed
rCold  . . .     Gourm    .     (no shield)
rNeg   . . .     Faith    .     (helmet restricted)
rPois  .         Spirit   .     (no amulet)
rElec  .         Dismiss  .     B - ring of stealth
rCorr  .         Reflect  .     (no ring)
SustAt .         Harm     .     (no ring)
MR     .....                    (no ring)
Stlth  +++.......               (no ring)
                                (no ring)
                                (no ring)
                                (no ring)

@: very slightly contaminated, not resistant to hostile enchantments, fairly
stealthy
A: almost no armour, amphibious, 8 rings, constrict 8, camouflage 1, gelatinous
body 1
a: no special abilities


You were on level 7 of the Dungeon.
You were not hungry.

You visited 2 branches of the dungeon, and saw 9 of its levels.
You also visited: Sewer.

You collected 431 gold pieces.

Inventory:

Jewellery
 B - a ring of stealth (left tentacle)
Wands
 f - a wand of slowing (20/48)
 y - a wand of polymorph (21/24)
 G - a wand of flame (19/48)
Scrolls
 b - a scroll of magic mapping
 k - 5 scrolls of remove curse
 l - a scroll of enchant weapon
 t - a scroll of enchant armour
 u - 2 scrolls of fog
 z - a scroll of fear
 C - a scroll of recharging
 D - a scroll of blinking
Potions
 a - a potion of flight
 d - 3 potions of resistance
 g - a potion of mutation
 h - 3 potions of magic
 m - a potion of invisibility
 n - a potion of lignification
 q - 2 potions of berserk rage {unknown}
 s - a potion of cure mutation
 v - a potion of haste {unknown}
 w - 4 potions of might {unknown}
 x - a potion of agility {unknown}
 A - 2 potions of cancellation {unknown}
 E - a potion of brilliance
Books
 e - a book of Transfigurations

   Spells                             Type                      Level
   a - Irradiate                      Conjuration/Transmutation    5
   b - Statue Form                    Transmutation/Earth          6
   c - Hydra Form                     Transmutation                6
   d - Dragon Form                    Transmutation                7
 r - a book of Necromancy

   Spells                             Type                      Level
   a - Pain                           Necromancy                   1
   b - Animate Skeleton               Necromancy                   1
   c - Vampiric Draining              Necromancy                   3
   d - Regeneration                   Charms/Necromancy            3
   e - Animate Dead                   Necromancy                   4
   f - Control Undead                 Necromancy                   4
Comestibles
 c - 6 bread rations
 i - 9 meat rations
 j - a slice of pizza
 o - 8 chunks of flesh
 p - 4 fruits


   Skills:
 - Level 1.0 Fighting
 + Level 5.2 Dodging
 - Level 10.1 Unarmed Combat
 * Level 2.6 Spellcasting
 - Level 10.0 Transmutations


You had 2 spell levels left.
You knew the following spells:

 Your Spells              Type           Power        Failure   Level  Hunger
a - Spider Form           Tmut/Pois      ###.......   10%         3    ###....
b - Blade Hands           Tmut           #####.....   10%         5    ######.
c - Ice Form              Ice/Tmut       ###.....     24%         4    #####..


Dungeon Overview and Level Annotations

Branches:
Dungeon (8/15)             Temple (1/1) D:5
   Lair: D:8-11

Altars:
Cheibriados
Dithmenos
Elyvilon
Fedhas
Gozag
Hepliaklqana
Kikubaaqudgha
Makhleb
Nemelex Xobeh
Okawaru
Pakellas
Qazlal
Ru
Trog
Ukayaw
Vehumet
Xom
Yredelemnul
Zin


Innate Abilities, Weirdness & Mutations

You cannot wear most types of armour.
You are amphibious.
You can wear up to eight rings at the same time.
You can use your tentacles to constrict eight enemies at once.
Your skin changes colour to match your surroundings (Stealth+).
Your rubbery body absorbs attacks. (AC +1)


Message History

a short sword; a plate armour; an orc corpse You start resting.
Eating one of 9 chunks of flesh.
This raw flesh tastes terrible.
You continue eating. x2
Your transformation is almost over.
You start resting.
Your tentacles revert to their normal proportions.
You start resting.
Magic restored.
You start resting.
An orc priest is nearby!
You are too injured to fight recklessly!
Casting: Blade Hands
Confirm with . or Enter, or press ? or * to list all spells.
You miscast Ice Form.
You are very lightly contaminated with residual magic.
Frost covers your body.
The orc priest invokes the aid of Beogh against you.
Pain shoots through your body!
You die...

#...# #.#.# #.#.# #.#.### #.#.#.#
######## ### #.#...# ####.......
#.###.###.# #..........
#.........########.##.......
#.###.####.@................ #.#
#.#..#.#######.##.#.#### #.#
#.#..#.# #.##.#.#### #.# #.#..#.#
#....#..... #.#
#.#..#o################# #.#
#......)>..o............ # #.#
#..........############# # #.#
#..........##........#..
######.####.........##.######.#.#


You could see an orc priest.

Vanquished Creatures
  A centaur zombie (D:8)
  4 yaks
  A hippogriff (D:8)
  A hungry ghost (D:7)
  2 orc warriors (D:7)
  A wasp (D:8)
  A black bear (D:8)
  An ice beast (D:6)
  2 phantoms
  An ogre (D:6)
  6 centaurs
  A crocodile (D:8)
  2 big kobolds (D:7)
  3 giant frogs
  A scorpion (D:7)
  2 jellies
  2 howler monkeys (D:4)
  2 crimson imps
  3 hounds
  A centaur skeleton (D:8)
  4 orc priests
  5 orc wizards (D:7)
  3 giant frog skeletons
  5 iguanas
  6 worker ants
  A hound zombie (D:8)
  4 hound skeletons
  A worker ant zombie (D:7)
  19 adders
  2 river rats (Sewer)
  A shadow imp (D:6)
  2 oozes
  An adder skeleton (D:7)
  An adder zombie (D:5)
  A giant gecko (D:4)
  18 orcs
  12 ball pythons
  10 bats
  6 giant cockroaches
  8 hobgoblins
  4 jackals
  2 quokkas
  A ball python skeleton (D:4)
  A giant gecko skeleton (D:6)
  A giant gecko zombie (D:6)
  14 giant newts
  5 goblins
  17 kobolds
  A quokka zombie (D:7)
  34 rats
228 creatures vanquished.

Vanquished Creatures (others)
  2 ogres (D:4)
  An orc priest (D:5)
  2 fungi (D:8)
5 creatures vanquished.

Grand Total: 233 creatures vanquished

Notes
Turn   | Place    | Note
--------------------------------------------------------------
     0 | D:1      | Ordine the Octopode Transmuter began the quest for the Orb.
     0 | D:1      | Reached XP level 1. HP: 13/13 MP: 3/3
   217 | D:1      | Reached XP level 2. HP: 13/18 MP: 5/5
  1023 | D:2      | Reached XP level 3. HP: 16/23 MP: 6/6
  1242 | D:2      | Learned a level 3 spell: Spider Form
  2132 | D:3      | Reached XP level 4. HP: 23/28 MP: 7/7
  2951 | D:4      | Noticed an ogre
  3303 | D:4      | Reached XP level 5. HP: 24/33 MP: 8/8
  3392 | D:4      | Found an opulent altar of Gozag.
  3410 | D:4      | Noticed an ogre
  3443 | D:4      | Killed an ogre
  3443 | D:4      | Reached skill level 5 in Transmutations
  3443 | D:4      | Reached XP level 6. HP: 26/38 MP: 4/9
  3737 | D:4      | Noticed a phantom
  3752 | D:4      | Learned a level 5 spell: Blade Hands
  3770 | D:4      | Killed a phantom
  3770 | D:4      | Reached skill level 5 in Unarmed Combat
  4034 | D:4      | Reached XP level 7. HP: 35/43 MP: 10/10
  4625 | D:5      | Entered Level 5 of the Dungeon
  4901 | D:5      | Found a glowing drain.
  4921 | Sewer    | Entered a sewer
  6683 | Sewer    | Reached XP level 8. HP: 35/48 MP: 7/11
  6931 | D:5      | Noticed a yak
  6932 | D:5      | Noticed a yak
  7022 | D:5      | Killed a yak
  7069 | D:5      | Found a blossoming altar of Fedhas.
  7073 | D:5      | Noticed a yak
  7073 | D:5      | Noticed a yak
  7081 | D:5      | Noticed a yak
  7082 | D:5      | Noticed a yak
  7104 | D:5      | Killed a yak
  7201 | D:5      | Killed a yak
  8186 | D:4      | Killed a yak
  8186 | D:4      | Reached XP level 9. HP: 37/53 MP: 10/12
  8376 | D:5      | Found a staircase to the Ecumenical Temple.
  8381 | Temple   | Entered the Ecumenical Temple
 10249 | D:6      | Reached skill level 10 in Transmutations
 10933 | D:7      | Found an iron altar of Okawaru.
 12616 | D:7      | Found a stormy altar of Qazlal.
 12843 | D:7      | Found a shadowy altar of Dithmenos.
 12843 | D:7      | Found an ancient bone altar of Kikubaaqudgha.
 13368 | D:8      | Reached XP level 10. HP: 38/58 MP: 9/13
 13731 | D:8      | Found a white marble altar of Elyvilon.
 13737 | D:8      | Learned a level 4 spell: Ice Form
 13802 | D:8      | Reached skill level 5 in Dodging
 13802 | D:8      | Reached skill level 10 in Unarmed Combat
 14542 | D:8      | Noticed a hill giant
 14547 | D:7      | HP: 1/58 [orc priest/mace (10)]
 14592 | D:7      | Killed from afar by an orc priest

Vault maps used:
D:1:      lightli_iron_boxes, minmay_strange_pillars, minmay_surrounded
D:2:      serial_bayou_lagoon_a, st_stairs_5
D:3:      kennysheep_generic_room_11
D:4:      nicolae_gozag_cash_rules_everything_around_me, first_bread,
          minmay_joined_circles
D:5:      kennysheep_mini_moat, temple_statues, portal_sewer_entry_a
D:7:      overflow_temple_1_default, nicolae_overflow_crystal_walls,
          gammafunk_temple_overflow_wave
D:8:      lemuel_round_altar, david_lair_generic
Temple:   eino_temple_water_12
Sewer:    sewer_minmay_w

Skill      XL: |  1  2  3  4  5  6  7  8  9 10 |
---------------+-------------------------------+-----
Transmutations | 3 4 5 6 7 9 10 | 10.0
Unarmed Combat | 4 5 6 7 9 10 | 10.1
Dodging        | 4 5 |  5.2
Fighting       | |  1.0
Spellcasting   | |  2.6

Action                   |  1- 3 |  4- 6 |  7- 9 | 10-12 || total
-------------------------+-------+-------+-------+-------++-------
Melee: Unarmed           |   100 |    99 |   435 |    62 ||   696
       Constrict         |    25 |    15 |    58 |     5 ||   103
       Tentacles         |     6 |    12 |    39 |     6 ||    63
       Punch             |     1 |     1 |    12 |     1 ||    15
       Kick              |       |     1 |     7 |       ||     8
 Cast: Spider Form       |     1 |     3 |    21 |     3 ||    28
       Beastly Appendage |       |     1 |     2 |       ||     3
       Blade Hands       |       |       |     1 |     4 ||     5
       Ice Form          |       |       |       |     1 ||     1
Evoke: Wand              |       |       |     1 |       ||     1
  Use: Scroll            |    10 |     5 |     6 |     3 ||    24
       Potion            |       |     1 |     8 |     1 ||    10
 Stab: Sleeping          |     3 |     2 |     7 |     1 ||    13
       Confused          |       |     1 |       |       ||     1
       Invisible         |       |       |     4 |       ||     4
  Eat: Chunk             |     3 |     7 |    26 |     7 ||    43
       Fruit             |       |       |     4 |       ||     4
       Beef jerky        |       |       |     2 |       ||     2
       Royal jelly       |       |       |     1 |       ||     1
Armor: Skin              |    14 |     8 |    14 |     1 ||    37
Dodge: Dodged            |    67 |    61 |   283 |    47 ||   458
